 Dungeon Crawl Stone Soup version 0.23.2-40-g277498a001 (webtiles) character file.

Game seed: 16969882485794889178

3105 WisperLight the Cleaver (level 9, 0/79 HPs)
             Began as a Hill Orc Fighter on Oct 7, 2019.
             Was a Follower of Makhleb.
             Killed from afar by an electric eel (10 damage)
             ... with a bolt of electricity
             ... on level 8 of the Dungeon.
             The game lasted 00:23:17 (7212 turns).

WisperLight the Cleaver (Hill Orc Fighter)          Turns: 7212, Time: 00:23:17

Health: 0/79       AC: 24    Str: 22    XL:     9   Next: 90%
Magic:  9/9        EV:  5    Int:  8    God:    Makhleb [*.....]
Gold:   364        SH: 10    Dex: 10    Spells: 8/8 levels left

rFire    . . .     SeeInvis .   a - +1 war axe
rCold    . . .     Gourm    .   c - +0 shield
rNeg     + . .     Faith    .   n - +0 plate armour
rPois    .         Spirit   .   t - +0 helmet
rElec    .         Reflect  .   D - +2 cloak
rCorr    .         Harm     .   y - +2 pair of gloves
MR       .....                  s - +2 pair of boots
Stlth    ..........             (no amulet)
HPRegen  0.23/turn              q - ring of positive energy
MPRegen  0.11/turn              (no ring)

@: very slow
A: no striking features
a: Renounce Religion


You were on level 8 of the Dungeon.
You worshipped Makhleb.
Makhleb was aware of your devotion.
You were very full.

You visited 2 branches of the dungeon, and saw 9 of its levels.

You collected 364 gold pieces.

Inventory:

Hand Weapons
 a - a +1 war axe (weapon)
 u - a +0 flail of protection
 z - the cursed +0 mace of the Insatiable Seas {flame, Int+4 Stlth+, unknown}
   (You found it on level 6 of the Dungeon)

   It has been specially enchanted to burn those struck by it, causing extra
   injury to most foes and up to half again as much damage against particularly
   susceptible opponents.
   It affects your intelligence (+4).
   It makes you more stealthy.
   It has a curse placed upon it.
 B - a +0 giant spiked club
Armour
 b - a +2 scale mail of fire resistance
 c - a +0 shield (worn)
 n - a +0 plate armour (worn)
 s - a +2 pair of boots (worn)
 t - a +0 helmet (worn)
 y - a +2 pair of gloves (worn)
 D - a +2 cloak (worn)
Jewellery
 q - a ring of positive energy (left hand)
 A - a +4 ring of intelligence {unknown}
Wands
 x - a wand of clouds (4)
 E - a wand of disintegration (32)
Scrolls
 e - 2 scrolls of identify
 g - 2 scrolls of remove curse
 j - 2 scrolls of enchant weapon
 o - 6 scrolls of teleportation
 v - 2 scrolls of fear
 w - 2 scrolls of enchant armour
 F - a scroll of magic mapping {unknown}
Potions
 d - 3 potions of might
 h - 4 potions of curing
 i - 2 potions of heal wounds {unknown}
 k - a potion of brilliance {unknown}
 l - a potion of haste {unknown}
 m - 2 potions of degeneration {unknown}
 p - 2 potions of flight {unknown}
 r - 2 potions of agility
 C - a potion of mutation {unknown}
 G - a potion of berserk rage {unknown}
Comestibles
 f - 9 rations


   Skills:
 + Level 7.2 Fighting
 + Level 12.0 Axes
 + Level 7.2 Armour
 + Level 1.1 Dodging
 + Level 0.1 Stealth
 + Level 7.0 Shields


You had 8 spell levels left.
You didn't know any spells.
Your spell library was empty.

Dungeon Overview and Level Annotations

Branches:
Dungeon (8/15)             Temple (1/1) D:6
   Lair: D:8-11

Altars:
Ashenzari
Cheibriados
Dithmenos
Elyvilon
Fedhas
Gozag
Hepliaklqana
Kikubaaqudgha
Makhleb
Nemelex Xobeh
Okawaru
Qazlal
Ru
Sif Muna
Trog
Uskayaw
Vehumet
Wu Jian
Xom
Yredelemnul
Zin
The Shining One

Shops:
D:5 *   D:6 }


Message History

You destroy the bullfrog skeleton!
Makhleb accepts your kill.
The electric eel shoots out a bolt of lightning at you!
The bolt of electricity hits you!
The electric eel shoots out a bolt of lightning at you!
The bolt of electricity hits you.
A howler monkey comes into view.
The howler monkey howls!
The electric eel shoots out a bolt of lightning at you!
The bolt of electricity hits you.
* * * LOW HITPOINT WARNING * * *
The electric eel shoots out a bolt of lightning at you!
The bolt of electricity hits you!
* * * LOW HITPOINT WARNING * * *
Unknown command.
You enter the shallow water.
Moving in this stuff is going to be slow.
The electric eel shoots out a bolt of lightning at you!
The bolt of electricity hits you!
You die...

##....(........#
......#........#### .
#####.###.........# ..
#####.# #.........###...
......###...............
###.....#..........##...
...........(.......#≈≈≈#
###.......8......;≈≈≈≈≈#
###.........(...@≈≈≈≈≈≈#
.#...............≈≈≈≈≈≈#
...#.....#####..<###≈≈≈#
...#.##### ##.## #h.#
#....# #. #.. ...### #.
.. #.... #. ...##. #.
...# ..


You could see a howler monkey and an electric eel.

Vanquished Creatures
  A polar bear (D:8)
  A yak (D:8)
  A hungry ghost (D:7)
  Menkaure (D:7)
  Edmund (D:6)
  2 ice beasts
  Duvessa (D:6)
  2 ogres (D:5)
  A phantom (D:4)
  A wolf (D:8)
  A necrophage (D:5)
  5 bullfrogs
  2 scorpions
  Dowan (D:6)
  2 howler monkeys
  7 wights
  2 crimson imps
  5 hounds
  A jelly (D:5)
  Crazy Yiuf (D:6)
  2 orc priests
  A gnoll shaman (D:6)
  An orc wizard (D:6)
  A bullfrog skeleton (D:8)
  2 iguanas
  3 worker ants
  8 gnolls (D:3)
  8 adders
  3 white imps (D:8)
  An ufetubus (D:8)
  2 oozes
  2 adder skeletons
  3 worms
  2 dart slugs
  2 leopard geckos
  17 orcs
  9 bats
  3 giant cockroaches
  7 goblins
  3 hobgoblins (D:1)
  10 jackals
  3 quokkas
  2 ball pythons
  8 frilled lizards
  A giant cockroach zombie (D:6)
  9 kobolds
  10 rats
162 creatures vanquished.

Notes
Turn   | Place    | Note
-------+----------+-------------------------------------------
     0 | D:1      | WisperLight the Hill Orc Fighter began the quest for the
                  | Orb.
     0 | D:1      | Reached XP level 1. HP: 19/19 MP: 1/1
     4 | D:1      | Noticed a formicid
     4 | D:1      | Noticed a dwarf
     6 | D:1      | Noticed a demonspawn
     6 | D:1      | Noticed a demigod
     8 | D:1      | Noticed a tengu
     8 | D:1      | Noticed a naga
    10 | D:1      | Noticed an elf
    12 | D:1      | Noticed a gargoyle
    14 | D:1      | Noticed a felid
    14 | D:1      | Noticed a draconian
    36 | D:1      | Noticed a merfolk
    36 | D:1      | Noticed a minotaur
    38 | D:1      | Noticed a human
    38 | D:1      | Noticed a spriggan
    40 | D:1      | Noticed a ghoul
    40 | D:1      | Noticed an ogre
    43 | D:1      | Noticed a vampire
    45 | D:1      | Noticed a vine stalker
    45 | D:1      | Noticed a troll
    47 | D:1      | Noticed a halfling
    47 | D:1      | Noticed an octopode
    49 | D:1      | Noticed a centaur
   166 | D:1      | Reached XP level 2. HP: 26/27 MP: 2/2
   263 | D:1      | Reached skill level 3 in Axes
   345 | D:1      | Reached XP level 3. HP: 26/33 MP: 3/3
  1036 | D:2      | Found a shimmering altar of Xom.
  1337 | D:2      | Found a glowing golden altar of the Shining One.
  1430 | D:2      | Reached skill level 4 in Axes
  1430 | D:2      | Reached XP level 4. HP: 40/40 MP: 4/4
  1668 | D:3      | Reached XP level 5. HP: 30/46 MP: 5/5
  1691 | D:3      | Reached skill level 5 in Axes
  1724 | D:3      | HP: 1/47 [orc priest/nerve-wracking pain (4)]
  1726 | D:3      | Reached XP level 6. HP: 2/53 MP: 6/6
  2159 | D:3      | Found a sacrificial altar of Ru.
  2243 | D:3      | Found an ancient bone altar of Kikubaaqudgha.
  2454 | D:3      | Found a hazy altar of Hepliaklqana.
  2769 | D:4      | Noticed a phantom
  2799 | D:4      | Killed a phantom
  2799 | D:4      | Reached skill level 6 in Axes
  2809 | D:4      | Reached skill level 1 in Dodging
  3391 | D:4      | Reached skill level 5 in Fighting
  3391 | D:4      | Reached XP level 7. HP: 60/61 MP: 7/7
  3510 | D:4      | Found a deep blue altar of Sif Muna.
  3704 | D:5      | Entered Level 5 of the Dungeon
  3776 | D:5      | Reached skill level 7 in Axes
  3784 | D:5      | Found an iron altar of Okawaru.
  3842 | D:5      | Found Zin's Purification Station.
  3847 | D:5      | Found a glowing silver altar of Zin.
  3891 | D:5      | Reached skill level 5 in Shields
  4040 | D:5      | Reached skill level 8 in Axes
  4078 | D:5      | Found a bloodstained altar of Trog.
  4171 | D:5      | Reached skill level 5 in Armour
  4183 | D:5      | Reached XP level 8. HP: 59/68 MP: 8/8
  4627 | D:6      | Found a staircase to the Ecumenical Temple.
  4651 | D:6      | Reached skill level 9 in Axes
  4844 | Temple   | Entered the Ecumenical Temple
  4859 | Temple   | Became a worshipper of Makhleb the Destroyer
  5022 | D:6      | Found a sparkling altar of Nemelex Xobeh.
  5032 | D:6      | Found Yzycwow's Gadget Shoppe.
  5041 | D:6      | Noticed Duvessa
  5045 | D:6      | Noticed Dowan
  5050 | D:6      | Noticed Edmund
  5057 | D:6      | Killed Dowan
  5065 | D:6      | Killed Duvessa
  5077 | D:6      | Killed Edmund
  5077 | D:6      | Reached skill level 10 in Axes
  5364 | D:6      | Found a runed translucent door.
  5365 | D:6      | Got a blackened mace
  5366 | D:6      | Noticed Crazy Yiuf
  5378 | D:6      | Killed Crazy Yiuf
  5512 | D:6      | Found a blossoming altar of Fedhas.
  5656 | D:6      | Reached XP level 9. HP: 69/75 MP: 9/9
  6102 | D:7      | Noticed Menkaure
  6108 | D:7      | Killed Menkaure
  6182 | D:7      | Reached skill level 11 in Axes
  6319 | D:7      | Reached * piety under Makhleb
  6443 | D:7      | Found a snail-covered altar of Cheibriados.
  6906 | D:8      | Noticed a polar bear
  6923 | D:8      | Killed a polar bear
  7035 | D:8      | Found a white marble altar of Elyvilon.
  7092 | D:8      | Found a shadowy altar of Dithmenos.
  7133 | D:8      | Reached skill level 12 in Axes
  7212 | D:8      | Killed from afar by an electric eel

Skill      XL: |  1  2  3  4  5  6  7  8  9 |
---------------+----------------------------+-----
Fighting       | 4 5 6 7 |  7.2
Axes           | 3 4 5 6 8 10 12 | 12.0
Armour         | 4 5 7 |  7.2
Shields        | 4 5 7 |  7.0
Dodging        | 1 |  1.1
Stealth        | |  0.1

Action                   |  1- 3 |  4- 6 |  7- 9 || total
-------------------------+-------+-------+-------++-------
Melee: War axe           |   132 |   170 |   345 ||   647
  Use: Scroll            |     7 |     1 |     5 ||    13
  Eat: Chunk             |       |     3 |     2 ||     5
       Ration            |       |     2 |     6 ||     8
Armor: Scale mail        |    41 |       |       ||    41
       Plate armour      |    54 |   156 |   279 ||   489
Dodge: Dodged            |    35 |    36 |    72 ||   143
Block: Shield            |    92 |    91 |   212 ||   395
